 Dungeon Crawl Stone Soup version 0.25.0-9-g26727b657a (webtiles) character file.

Game seed: 12248833578242192213

4 Esekla the Magician (level 1, -5/12 HPs)
             Began as a Deep Elf Wanderer on June 20, 2020.
             Slain by a hobgoblin
             ... wielding a +0 club
              (6 damage)
             ... on level 2 of the Dungeon.
             The game lasted 00:02:55 (325 turns).

Esekla the Magician (Deep Elf Wanderer)              Turns: 325, Time: 00:02:55

Health: -5/12      AC:  2    Str:  7    XL:     1   Next: 50%
Magic:  6/6        EV: 11    Int: 19    God:
Gold:   25         SH:  0    Dex: 13    Spells: 5/6 levels left

rFire    . . .     SeeInvis .   a - +0 dagger
rCold    . . .     Gourm    .   (no shield)
rNeg     . . .     Faith    .   d - +0 robe
rPois    .         Spirit   .   (no helmet)
rElec    .         Reflect  .   (no cloak)
rCorr    .         Harm     .   (no gloves)
MR       .....                  (no boots)
Stlth    +.........             (no amulet)
HPRegen  0.04/turn              (no ring)
MPRegen  0.10/turn              (no ring)

@: no status effects
A: no striking features
a: no special abilities


You were on level 2 of the Dungeon.
You were not hungry.

You visited 1 branch of the dungeon, and saw 2 of its levels.

You collected 25 gold pieces.

Inventory:

Hand Weapons
 a - a +0 dagger (weapon)
Armour
 d - a +0 robe (worn)
Wands
 c - a wand of random effects (15)
Scrolls
 b - a scroll of remove curse {unknown}
 e - a scroll of enchant armour {unknown}
 i - a scroll of random uselessness {unknown}
Potions
 g - a potion of invisibility {unknown}
 h - a potion of stabbing {unknown}
Comestibles
 f - a ration


   Skills:
 - Level 1.0 Fighting
   Level 2.1 Bows
 * Level 0.1 Dodging
 * Level 3.3 Spellcasting
   Level 2.6 Hexes
   Level 1.5 Charms
 + Level 2.2 Evocations


You had 5 spell levels left.
You knew the following spells:

 Your Spells              Type           Power        Failure   Level  Hunger
a - Magic Dart            Conj           #...         14%         1    None

Your spell library contained the following spells:

 Spells                   Type           Power        Failure   Level  Hunger
 Slow                     Hex            ##......     8%          2    ##.....
 Foxfire                  Conj/Fire      #...         14%         1    None
 Blink                    Tloc           N/A          22%         2    ##.....
 Call Imp                 Summ           #.......     22%         2    ##.....
 Conjure Flame            Conj/Fire      #.......     41%         3    ###....
 Ignite Poison            Fire/Tmut/Pois #.......     41%         3    ###....
 Mephitic Cloud           Conj/Pois/Air  #.......     41%         3    ###....


Dungeon Overview and Level Annotations

Branches:
Dungeon (2/15)

Altars:

Annotations:
D:2 Sigmund


Message History

Sigmund shouts!
The bat hits you but does no damage. Sigmund gestures at you while chanting.
The magic dart hits you!
Ouch! That really hurt!
* * * LOW HITPOINT WARNING * * *
Found a ration.
The bat hits you but does no damage. The bat closely misses you.
Sigmund says, "You will soon forget everything."
The bat hits you but does no damage.
A frilled lizard comes into view.
There is a stone staircase leading up here.
The bat hits you but does no damage. The frilled lizard bites you.
* * * LOW HITPOINT WARNING * * *
The bat hits you.
* * * LOW HITPOINT WARNING * * *
Sigmund whispers, "You'll know eternity soon."
The hobgoblin hits you with a +0 club.
Ouch! That really hurt!
You die...

#....l.....#
#..........#
#%.........#
#..(.......#
#..........#
#...@....#
##..>...[.##
#.....g@...#
#.....lb...#
#....$.....#
#..........###
#....<.......#
##........##.###
##......###...#
###..### ###.#
##. #.#


You could see Sigmund, a hobgoblin, a bat and 2 frilled lizards.

Vanquished Creatures
  A ball python (D:2)
  A bat (D:1)
  A goblin (D:2)
  A kobold (D:2)
  A rat (D:1)
5 creatures vanquished.

Notes
Turn   | Place    | Note
-------+----------+-------------------------------------------
     0 | D:1      | Esekla the Deep Elf Wanderer began the quest for the Orb.
     0 | D:1      | Esekla set off with the following items: a +0 dagger, a
                  | wand of random effects (15), a +0 robe, a ration; and the
                  | following spells available to memorise: Slow, Foxfire,
                  | Magic Dart, Blink, Call Imp, Conjure Flame, Ignite Poison,
                  | Mephitic Cloud
     0 | D:1      | Reached XP level 1. HP: 12/12 MP: 6/6
     2 | D:1      | Learned a level 1 spell: Magic Dart
   322 | D:2      | Noticed Sigmund
   325 | D:2      | Slain by a hobgoblin

Illustrated notes

Levels and vault maps discovered:
D:1:      minmay_arrival_shoal_huts, layout_basic
D:2:      layout_rooms, uniq_sigmund

Action                   || total
-------------------------++-------
Melee: Dagger            ||    10
 Cast: Magic Dart        ||     4
 Stab: Sleeping          ||     1
Armor: Robe              ||     6
Dodge: Dodged            ||    11
